Map: Simulacrum LE

Players

jamestkirk - Winner!

  • Race: Terran Terran
  • League: Gold
  • Spawn Location: 11:00

HallsCamp

  • Race: Protoss Protoss
  • League: Gold
  • Spawn Location: 5:00

VOD

Have the link to the VOD?

Description

Time

  • Played on: May 14, 2020, 10:43 a.m.
  • Length: 14:03
Show
View Real Time Build Order
Export as new Build Order

jamestkirk Terran - Winner!

Build Orders: Mech 

Get SALT Encoding   

  12  0:01  SCV  
  13  0:13  SCV  
  14  0:20  Supply Depot  
  14  0:25  SCV  
  15  0:41  SCV  
  16  0:43  Barracks  
  16  0:47  Refinery  
  16  0:53  SCV  
  17  1:46  Orbital Command  
  17  1:48  Marine  
  17  1:50  Supply Depot  
  18  2:10  Refinery  
  18  2:23  SCV  
  18  2:24  Command Center  
  19  2:34  Factory  
  19  2:38  SCV  
  19  2:42  Barracks Tech Lab  
  20  2:53  SCV  
  21  3:05  SCV  
  22  3:17  SCV  
  23  3:28  Barracks Reactor  
  23  3:29  SCV  
  23  3:31  Factory  
  24  3:38  Siege Tank  
  27  3:41  SCV  
  28  3:51  Orbital Command  
  28  3:54  SCV  
  29  4:06  SCV  
  30  4:17  Siege Tank, Command Center  
  30  4:18  SCV  
  30  4:19  SCV  
  35  4:31  Engineering Bay  
  35  4:38  SCV x2  
  37  4:50  SCV  
  37  4:51  SCV  
  39  5:00  Armory  
  39  5:02  SCV  
  39  5:03  SCV  
  39  5:07  Missile Turret  
  41  5:09  Missile Turret  
  41  5:15  SCV x2  
  43  5:25  Supply Depot  
  43  5:27  SCV x2  
  45  5:37  Command Center  
  45  5:39  SCV x2  
  47  5:49  Thor  
  47  5:51  SCV x2  
  47  5:54  Terran Vehicle Weapons Level 1  
  55  6:03  SCV x2  
  57  6:05  Supply Depot, Refinery  
  57  6:07  Refinery  
  57  6:15  Factory, SCV x2  
  59  6:21  Armory  
  59  6:27  SCV x2, Missile Turret  
  61  6:35  Thor, Missile Turret  
  61  6:36  Hellbat x2  
  61  6:39  SCV  
  72  6:41  Supply Depot  
  72  6:44  Orbital Command  
  72  6:49  SCV  
  72  6:51  SCV  
  74  7:01  SCV  
  75  7:02  Command Center  
  75  7:03  SCV  
  75  7:05  Factory Tech Lab  
  76  7:11  SCV  
  76  7:13  SCV  
  78  7:15  SCV  
  78  7:17  Thor  
  85  7:23  SCV  
  85  7:26  Factory  
  85  7:27  Terran Vehicle And Ship Armor Level 1  
  86  7:41  SCV x3  
  86  7:43  Planetary Fortress  
  89  7:53  SCV x3  
  89  7:54  Hellbat x2  
  96  8:05  SCV x2  
  98  8:06  SCV  
  98  8:07  Terran Vehicle Weapons Level 2  
  98  8:09  Refinery  
  98  8:11  Refinery  
  99  8:17  SCV x2  
  99  8:18  SCV  
  102  8:21  Thor  
  102  8:22  Command Center  
  102  8:23  Factory Tech Lab  
  108  8:40  SCV x4  
  112  8:48  Refinery x2  
  112  8:52  SCV x3  
  112  8:53  Supply Depot x2  
  115  8:57  Thor, SCV  
  115  9:01  Command Center  
  122  9:14  Thor  
  128  9:20  Supply Depot  
  128  9:22  Supply Depot  
  128  9:24  Thor  
  128  9:26  Hellbat x2  
  128  9:28  Terran Vehicle And Ship Armor Level 2  
  138  9:37  Factory  
  138  9:40  SCV x4  
  138  9:42  Factory  
  142  9:48  Missile Turret  
  142  9:51  Missile Turret x2  
  142  9:52  SCV x3  
  145  10:01  Planetary Fortress  
  145  10:02  Missile Turret  
  145  10:03  Thor  
  145  10:04  Thor  
  157  10:13  Refinery x2  
  157  10:35  Command Center  
  157  10:40  Factory Tech Lab x2  
  156  10:42  Thor  
  161  11:08  Missile Turret x2  
  161  11:09  Thor x2, Missile Turret  
  168  11:11  Thor x2  
  166  11:25  Thor  
  148  11:42  SCV  
  148  11:43  SCV x3  
  152  11:51  Thor  
  152  11:52  Thor  
  164  11:55  Planetary Fortress, SCV x2  
  164  11:58  Thor x2  
  178  12:07  SCV x2  
  178  12:08  SCV x2  
  182  12:14  Refinery  
  182  12:16  Refinery  
  182  12:19  SCV  
  182  12:20  SCV  
  182  12:22  SCV  
  185  12:24  SCV  
  185  12:28  Thor  
  192  12:43  Thor  
  198  12:46  Command Center  
  198  13:06  Command Center  
  198  13:24  Command Center  
  198  13:25  Factory  
  198  13:29  Factory  
  198  13:43  Factory x2  
  198  13:44  Factory x2  
Show
View Real Time Build Order
Export as new Build Order

HallsCamp Protoss 

Build Orders:  

Get SALT Encoding   

  12  0:01  Probe  
  13  0:17  Pylon  
  13  0:38  Forge  
  13  0:42  Probe (Chrono Boost)  
  14  0:52  Probe (Chrono Boost)  
  14  0:55  Pylon  
  15  1:17  Photon Cannon  
  14  1:34  Photon Cannon  
  13  1:42  Probe  
  14  1:54  Probe  
  15  2:02  Photon Cannon  
  15  2:03  Photon Cannon  
  15  2:06  Probe (Chrono Boost)  
  16  2:17  Assimilator  
  16  2:18  Probe (Chrono Boost)  
  16  2:22  Assimilator  
  17  2:23  Probe (Chrono Boost)  
  18  2:32  Probe (Chrono Boost)  
  18  2:36  Gateway  
  20  2:45  Probe (Chrono Boost)  
  20  2:52  Probe (Chrono Boost)  
  21  2:59  Probe  
  22  3:08  Pylon  
  22  3:11  Probe (Chrono Boost)  
  22  3:12  Pylon  
  23  3:26  Probe (Chrono Boost)  
  24  3:29  Cybernetics Core  
  24  3:34  Probe  
  25  3:46  Probe  
  26  3:58  Probe  
  27  4:09  Stargate  
  27  4:10  Probe  
  27  4:12  Stargate  
  28  4:25  Protoss Shields Level 1  
  28  4:42  Nexus  
  28  4:46  Assimilator  
  28  4:48  Assimilator, Probe  
  33  5:00  Probe  
  33  5:03  Void Ray  
  34  5:12  Robotics Facility, Probe  
  39  5:30  Void Ray  
  39  5:33  Pylon  
  39  5:50  Pylon  
  39  5:51  Probe  
  44  6:00  Void Ray  
  44  6:03  Probe (Chrono Boost)  
  46  6:06  Observer  
  46  6:12  Probe (Chrono Boost)  
  47  6:22  Probe (Chrono Boost)  
  47  6:24  Probe (Chrono Boost)  
  49  6:32  Probe x2 (Chrono Boost)  
  52  6:35  Observer  
  52  6:38  Probe (Chrono Boost)  
  58  6:40  Probe (Chrono Boost)  
  58  6:42  Void Ray  
  59  6:50  Probe x2 (Chrono Boost)  
  61  6:56  Observer  
  61  7:00  Probe (Chrono Boost)  
  63  7:02  Probe (Chrono Boost)  
  63  7:04  Protoss Air Weapons Level 1 (Chrono Boost)  
  63  7:05  Probe (Chrono Boost)  
  64  7:10  Pylon  
  64  7:13  Pylon  
  69  7:16  Probe (Chrono Boost)  
  69  7:17  Observer  
  69  7:21  Void Ray  
  70  7:29  Probe (Chrono Boost)  
  71  7:36  Probe (Chrono Boost)  
  73  7:39  Observer  
  73  7:41  Pylon  
  73  7:43  Probe  
  73  7:46  Pylon  
  78  7:55  Probe  
  78  7:57  Void Ray  
  83  8:03  Void Ray  
  83  8:04  Pylon  
  83  8:07  Probe  
  83  8:10  Stargate  
  88  8:39  Void Ray  
  92  8:54  Void Ray  
  92  8:59  Protoss Air Armor Level 1  
  92  9:08  Nexus  
  92  9:11  Assimilator  
  92  9:13  Assimilator  
  92  9:14  Probe  
  97  9:21  Void Ray (Chrono Boost)  
  97  9:24  Pylon  
  97  9:26  Probe  
  106  9:31  Void Ray (Chrono Boost)  
  106  9:38  Probe  
  107  9:42  Void Ray (Chrono Boost)  
  107  9:52  Probe  
  112  9:55  Void Ray  
  112  9:58  Pylon  
  112  10:04  Probe  
  117  10:07  Pylon  
  117  10:11  Void Ray  
  120  10:22  Void Ray  
  120  10:34  Probe  
  125  10:38  Void Ray  
  125  10:44  Pylon  
  125  10:46  Probe  
  130  10:54  Void Ray  
  134  11:04  Void Ray  
  134  11:21  Void Ray  
  90  11:37  Void Ray  
  86  11:47  Void Ray  
  90  12:04  Void Ray  
  94  12:19  Robotics Facility  
  94  12:20  Void Ray  
  94  12:21  Robotics Facility  
  94  12:27  Pylon  
  94  12:29  Immortal  
  102  12:30  Void Ray  
  106  12:46  Void Ray  
  106  12:50  Pylon  
  110  13:03  Void Ray  
  110  13:06  Twilight Council  
  110  13:07  Immortal x2 (Chrono Boost)  
  126  13:13  Void Ray  
  126  13:15  Immortal (Chrono Boost)  
  126  13:27  Pylon  
  126  13:36  Forge  
Tags
 
Composition
Mech
League
GoldGold
Matchup
PvT
Spawn Locations
Cross Positions
Add a new tag
Caveats
  • Supply blocks, unpowered buildings, or Contaminate may cause inaccurate times.
  • Supply counts are checked every 10 seconds.